 Dungeon Crawl Stone Soup version 0.28-a0-1387-g3a22ab9bdc (webtiles) character file.

Game seed: 389065428276329528

0 thegreatkingdan the Gusty (level 1, 0/14 HPs)
             Began as a Draconian Air Elementalist on Jan 3, 2022.
             Slain by a hobgoblin (4 damage)
             ... on level 1 of the Dungeon.
             The game lasted 00:02:41 (150 turns).

thegreatkingdan the Gusty (DrAE)                     Turns: 150, Time: 00:02:42

Health: 0/14       AC:  4    Str: 10    XL:     1   Next: 8%
Magic:  1/3        EV: 12    Int: 15    God:
Gold:   33         SH:  0    Dex: 11    Spells: 3/4 levels left

rFire   . . .      SeeInvis .   (no weapon)
rCold   . . .      Faith    .   (no shield)
rNeg    . . .      Spirit   .   (armour unavailable)
rPois   .          Reflect  .   (helmet restricted)
rElec   .          Harm     .   (no cloak)
rCorr   .          Rampage  .   (no gloves)
Will    .....                   (no boots)
Stlth   ++........              (no amulet)
HPRegen 0.04/turn               (no ring)
MPRegen 0.08/turn               (no ring)

@: no status effects
A: AC +4, unfitting armour, cold-blooded
a: no special abilities


You were on level 1 of the Dungeon.
You visited 1 branch of the dungeon, and saw 1 of its levels.

You collected 33 gold pieces.

Inventory:

Potions
 a - a potion of curing {unknown}
 b - a potion of flight {unknown}


   Skills:
 + Level 1.7 Dodging
 + Level 1.7 Stealth
 + Level 2.0 Spellcasting
 + Level 1.0 Conjurations
 + Level 3.0 Air Magic


You had 3 spell levels left.
You knew the following spells:

 Your Spells              Type           Power      Damage    Failure   Level
a - Shock                 Conj/Air       28%        1d4       10%         1

Your spell library contained the following spells:

 Spells                   Type           Power      Damage    Failure   Level
 Static Discharge         Conj/Air       7%         N/A       14%         2
 Swiftness                Air            10%        N/A       19%         3
 Summon Guardian Golem    Hex/Summ       1%         N/A       54%         3
 Airstrike                Air            5%         N/A       54%         4
 Iskenderun's Battlesphe  Conj           4%         2d6       99%         5
 Iron Shot                Conj/Erth      1%         9d1       100%        6
 Orb of Destruction       Conj           2%         9d1       100%        7
 Spellforged Servitor     Conj/Summ      1%         N/A       100%        7


Dungeon Overview and Level Annotations

Branches:
Dungeon (1/15)

Altars:


Innate Abilities, Weirdness & Mutations

Your plain brown scales are hard. (AC +4)
You cannot fit into any form of body armour.
You are cold-blooded and may be slowed by cold attacks.


Message History

The bat completely misses you.
Your magical contamination has completely faded away.
The bat misses you.
The hobgoblin hits you but does no damage.
Casting: Shock (safe; 10% risk of failure)
Confirm with . or Enter, or press ? or * to list all spells.
You don't have enough magic to cast this spell.
You closely miss the bat.
The bat is moderately wounded.
The bat hits you but does no damage. The hobgoblin closely misses you.
The bat hits you but does no damage. The hobgoblin closely misses you.
You closely miss the bat.
You tail-slap the bat, but do no damage.
The bat is moderately wounded.
The bat hits you but does no damage. The hobgoblin hits you. The bat hits you.
The hobgoblin misses you.
You see here 9 gold pieces.
You barely miss the bat.
Your tail-slap misses the bat.
The bat is moderately wounded.
The bat closely misses you. The hobgoblin hits you.
You now have 33 gold pieces (gained 9).
The bat hits you but does no damage. The hobgoblin closely misses you.
The bat hits you but does no damage.
You barely miss the bat. The bat misses you. The bat barely misses you.
The hobgoblin barely misses you.
You hit the bat but do no damage. The bat hits you but does no damage.
The hobgoblin misses you. The bat closely misses you.
The bat hits you but does no damage. The hobgoblin hits you.
* * * LOW HITPOINT WARNING * * *
You hit the bat.
The bat is severely wounded.
The bat barely misses you. The hobgoblin closely misses you.
You closely miss the hobgoblin. The bat hits you but does no damage.
The hobgoblin barely misses you.
You hit the hobgoblin but do no damage. The bat closely misses you.
The hobgoblin closely misses you. The bat hits you but does no damage.
The hobgoblin hits you but does no damage.
The bat completely misses you. The hobgoblin hits you.
You die...

#..##...#......>#
#..##...###...###
#..###...........
#..# #...........
###..#####...###
.. #............
#....###...#
#.g..# . #.@..#
#b...# #....#
####.# .# .# #


You could see a hobgoblin and a bat.

Vanquished Creatures
  A bat (D:1)
1 creature vanquished.

Notes
Turn   | Place    | Note
-------+----------+-------------------------------------------
     0 | D:1      | thegreatkingdan the Draconian Air Elementalist began the
                  | quest for the Orb.
     0 | D:1      | Reached XP level 1. HP: 14/14 MP: 3/3
   150 | D:1      | Slain by a hobgoblin

Illustrated notes

Levels and vault maps discovered:
D:1:      minmay_arrival_open_corners, layout_basic

Action                   || total
-------------------------++-------
Melee: Unarmed           ||    10
       Tailslap          ||     1
 Cast: Shock             ||     3
Armor: Skin              ||    16
Dodge: Dodged            ||    26

Table legend: (Time is in decaauts)
 A = Elapsed time spent in this place.
 B = Non-inter-level travel time spent in this place.
 C = Inter-level travel time spent in this place.
 D = Time resting spent in this place.
 E = Time spent auto-exploring this place.
 F = Levels seen in this place.
 G = Mean time per level.
                   A        B        C        D        E       F      G
               +--------+--------+--------+--------+--------+-----+--------+
         Total |    150 |    150 |      0 |      0 |      0 |   1 |  150.0 |
       Dungeon |    150 |    150 |      0 |      0 |      0 |   1 |  150.0 |
               +--------+--------+--------+--------+--------+-----+--------+

Top non-repeatable levels by time:
     D:1: 150 daAuts
